 Dungeon Sprint DCSS version 0.27.1-33-g824d729ab1 (webtiles) character file.

Game seed: 6625380709227841668

1239 boopmooplesden the Cleaver (level 8, -7/79 HPs)
             Began as a Minotaur Fighter on Dec 4, 2021.
             Was a Believer of Okawaru.
             Splashed by an oklob plant's acid (13 damage)
             ... in the Dungeon (Sprint IV: "Fedhas' Mad Dash").
             The game lasted 00:04:45 (1849 turns).

boopmooplesden the Cleaver (Minotaur Fighter)       Turns: 1849, Time: 00:04:46

Health: -7/79      AC:  0    Str: 24    XL:     8   Next: 25%
Magic:  5/7        EV: 10    Int:  5    God:    Okawaru [**....]
Gold:   78         SH: 11    Dex:  9    Spells: 7/7 levels left

rFire    . . .     SeeInvis .   a - +1 war axe
rCold    . . .     Faith    .   c - +0 kite shield
rNeg     . . .     Spirit   .   b - +0 scale mail
rPois    .         Reflect  .   (helmet restricted)
rElec    .         Harm     .   (no cloak)
rCorr    .         Rampage  .   (no gloves)
Will     .....     NoTele   +   (no boots)
Stlth    +.........             d - amulet of invisibility {+Inv}
HPRegen  0.23/turn              (no ring)
MPRegen  0.10/turn              (no ring)

@: corroded, very slightly contaminated, invisible
A: horns 2, retaliatory headbutt
a: Renounce Religion, Evoke Invisibility, Heroism


You were in the Dungeon.
You worshipped Okawaru.
Okawaru was pleased with you.
You visited 1 branch You collected 168 gold pieces.
You spent 90 gold pieces at shops.

Inventory:

Hand Weapons
 a - a +1 war axe (weapon)
Armour
 b - a +0 scale mail (worn)
 c - a +0 kite shield (worn)
 g - a +2 ring mail of cold resistance
Jewellery
 d - the amulet of invisibility (around neck) {+Inv}
   (You found it in the Dungeon)

   [amulet of nothing]

   +Inv:      It lets you turn invisible.
Scrolls
 f - a scroll of acquirement {unknown}
Potions
 e - a potion of curing
 h - 2 potions of magic
Miscellaneous
 i - a box of beasts


   Skills:
 + Level 10.0 Fighting
 + Level 10.8 Axes
 + Level 10.7 Armour
 + Level 3.3 Dodging
 + Level 5.0 Stealth
 + Level 9.0 Shields
 + Level 5.2 Evocations


You had 7 spell levels left.
You didn't know any spells.
Your spell library was empty.

Dungeon Overview and Level Annotations

Branches:
Dungeon (1/1)

Altars:
Cheibriados
Dithmenos
Elyvilon
Gozag
Hepliaklqana
Kikubaaqudgha
Makhleb
Nemelex Xobeh
Okawaru
Qazlal
Ru
Sif Muna
Trog
Uskayaw
Vehumet
Wu Jian
Xom
Yredelemnul
Zin
The Shining One
Beogh
Jiyva
Lugonu

Shops:
D *==:

Annotations:
D exclusions: oklob plant and oklob sapling


Innate Abilities, Weirdness & Mutations

You have a pair of horns on your head.
You reflexively headbutt those who attack you in melee.


Message History

The splash of acid misses you. The burning bush throws fire at you.
The puff of flame hits you!
There is an open door here.
You fail to use your ability.
You fail to use your ability.
You fade into invisibility!
You are very lightly contaminated with residual magic.
Really walk into a travel-excluded area?
There is an open door here.
A wandering mushroom comes into view.
Found a pitted dagger.
The oklob plant spits acid at something.
The splash of acid hits you.
You are splashed with acid!
The burning bush throws fire at you. The puff of flame hits you.
There is an open door here.
You hit the burning bush but do no damage.
You headbutt the burning bush.
The burning bush is lightly damaged.
The burning bush throws fire at you. The puff of flame hits you!
You hit the burning bush but do no damage.
The burning bush is lightly damaged.
The oklob plant spits acid at something.
The splash of acid misses you. The burning bush throws fire at you.
You block the puff of flame.
You slash the burning bush!
The burning bush is moderately damaged.
The oklob plant spits acid at something.
The splash of acid hits you! The acid corrodes you!
You are splashed with acid!
The burning bush throws fire at you. The puff of flame hits you!
* * * LOW HITPOINT WARNING * * *
The oklob plant spits acid at you. The splash of acid hits you!
* * * LOW HITPOINT WARNING * * *
The acid corrodes you!
You are splashed with acid!
You die...

########################
#<...#.....#.....#.⌠._._
#.P..'.....'.#((.'.._._.
#PP..#.....#.#...#..._._
###############'##.._._.
#...♣........'...#._._._
#....††♣.....#...#######
#.....♣..♣..######
##+####@######P)
#....'....f..
#..###P...P.. ####
#######


You could see an oklob plant, a wandering mushroom (wandering) and a burning
bush.

Vanquished Creatures
  A queen bee (D)
  2 burning bushes (D)
  3 scorpions (D)
  4 killer bees (D)
  4 oklob saplings (D)
  2 spriggans (D)
  2 wandering mushrooms (D)
  A river rat (D)
  A rat (D)
20 creatures vanquished.

Vanquished Creatures (others)
  4 fungi (D)
4 creatures vanquished.

Grand Total: 24 creatures vanquished

Notes
Turn   | Place    | Note
-------+----------+-------------------------------------------
     0 | D        | boopmooplesden the Minotaur Fighter began the quest for the
                  | Orb.
     0 | D        | Reached XP level 1. HP: 19/19 MP: 0/0
    11 | D        | Reached XP level 2. HP: 11/28 MP: 1/1
   343 | D        | Noticed a scorpion
   343 | D        | Found the amulet of invisibility {+Inv}
   346 | D        | Killed a scorpion
   347 | D        | Reached XP level 3. HP: 19/37 MP: 2/2
   347 | D        | Reached XP level 4. HP: 23/44 MP: 3/3
   539 | D        | Found an opulent altar of Gozag.
   539 | D        | Found a hazy altar of Hepliaklqana.
   539 | D        | Found a burning altar of Makhleb.
   539 | D        | Found a sparkling altar of Nemelex Xobeh.
   539 | D        | Found a sacrificial altar of Ru.
   539 | D        | Found a shimmering blue altar of Sif Muna.
   539 | D        | Found an ornate altar of the Wu Jian Council.
   539 | D        | Found a shimmering altar of Xom.
   539 | D        | Found a basalt altar of Yredelemnul.
   540 | D        | Found a snail-covered altar of Cheibriados.
   558 | D        | Found a viscous altar of Jiyva.
   558 | D        | Found a bloodstained altar of Trog.
   559 | D        | Found an iron altar of Okawaru.
   559 | D        | Found a shadowy altar of Dithmenos.
   559 | D        | Found a glowing silver altar of Zin.
   560 | D        | Found an ancient bone altar of Kikubaaqudgha.
   560 | D        | Found a hide-covered altar of Uskayaw.
   561 | D        | Found a stormy altar of Qazlal.
   561 | D        | Found a white marble altar of Elyvilon.
   561 | D        | Found a glowing golden altar of the Shining One.
   562 | D        | Found a corrupted altar of Lugonu.
   562 | D        | Found a radiant altar of Vehumet.
   572 | D        | Reached skill level 1 in Stealth
   572 | D        | Reached skill level 1 in Evocations
   572 | D        | Reached XP level 5. HP: 33/52 MP: 2/4
   574 | D        | Became a worshipper of Warmaster Okawaru
   674 | D        | Reached skill level 5 in Axes
   937 | D        | Reached skill level 1 in Dodging
   944 | D        | Reached XP level 6. HP: 33/61 MP: 5/5
   952 | D        | Found Geoguivi's Jewellery Shop.
   952 | D        | Found Loutt's General Store.
   959 | D        | Bought a scroll of enchant weapon for 90 gold pieces
  1094 | D        | Noticed a burning bush
  1094 | D        | Noticed a wandering mushroom
  1198 | D        | Noticed a wandering mushroom
  1432 | D        | Killed a burning bush
  1432 | D        | Reached * piety under Okawaru
  1433 | D        | Reached skill level 10 in Armour
  1433 | D        | Reached XP level 7. HP: 30/70 MP: 6/6
  1620 | D        | Found Wemnoif's Book Emporium.
  1620 | D        | Found Cagaoz's Jewellery Shoppe.
  1666 | D        | Noticed a queen bee
  1681 | D        | Killed a queen bee
  1681 | D        | Reached ** piety under Okawaru
  1682 | D        | Reached skill level 10 in Axes
  1682 | D        | Reached skill level 5 in Evocations
  1683 | D        | Reached XP level 8. HP: 79/79 MP: 5/7
  1721 | D        | Noticed a burning bush
  1733 | D        | Killed a burning bush
  1734 | D        | Reached skill level 10 in Fighting
  1734 | D        | Reached skill level 5 in Stealth
  1838 | D        | Noticed a burning bush
  1838 | D        | Noticed an oklob plant
  1845 | D        | Noticed a wandering mushroom
  1849 | D        | Splashed by an oklob plant's acid

Illustrated notes

Levels and vault maps discovered:
D:        dungeon_sprint_fedhas [sprint_temple]

Skill      XL: |  1  2  3  4  5  6  7  8 |
---------------+-------------------------+-----
Fighting       | 4 6 7 8 9 10 | 10.0
Armour         | 4 6 7 9 10 | 10.7
Shields        | 4 6 7 8 9 |  9.0
Axes           | 3 4 6 8 10 | 10.8
Stealth        | 1 3 4 5 |  5.0
Evocations     | 1 3 4 5 |  5.2
Dodging        | 1 2 3 |  3.3

Action                   |  1- 3 |  4- 6 |  7- 9 || total
-------------------------+-------+-------+-------++-------
Melee: War axe           |     9 |    57 |    21 ||    87
       Headbutt          |     2 |    17 |     5 ||    24
 Abil: Evoke Invisibilit |       |     4 |     2 ||     6
  Use: Scroll            |     2 |     1 |       ||     3
       Potion            |     1 |     2 |     1 ||     4
 Stab: Invisible         |       |     4 |     1 ||     5
Armor: Scale mail        |     1 |     3 |     3 ||     7
Dodge: Dodged            |       |    15 |    11 ||    26
Block: Kite shield       |     4 |    13 |     8 ||    25
